 Dungeon Crawl Stone Soup version 0.24-a0-139-geb6712d24a (webtiles) character file.

Game seed: 2366311745634480845

12 MrRokkomies the Skirmisher (level 2, 0/20 HPs)
             Began as a Kobold Abyssal Knight on Mar 2, 2019.
             Was an Initiate of Lugonu.
             Slain by a hobgoblin
             ... wielding a +0 club
              (3 damage)
             ... on level 1 of the Dungeon.
             The game lasted 00:02:06 (601 turns).

MrRokkomies the Skirmisher (Kobold Abyssal Knight)   Turns: 601, Time: 00:02:07

Health: 0/20       AC:  3    Str:  9    XL:     2   Next: 45%
Magic:  3/3        EV: 14    Int: 13    God:    Lugonu [......]
Gold:   23         SH:  0    Dex: 14    Spells: 1/1 levels left

rFire    . . .     SeeInvis .   k - -3 dagger (curse)
rCold    . . .     Gourm    .   (shield restricted)
rNeg     . . .     Faith    .   i - +0 leather armour
rPois    .         Spirit   .   (no helmet)
rElec    .         Reflect  .   (no cloak)
rCorr    .         Harm     .   (no gloves)
MR       .....                  (no boots)
Stlth    +.........             (no amulet)
HPRegen  0.06/turn              (no ring)
MPRegen  0.08/turn              (no ring)

@: very slightly contaminated
A: small, carnivore
a: Renounce Religion


You were on level 1 of the Dungeon.
You worshipped Lugonu.
Lugonu was noncommittal.
You were not hungry.

You visited 1 branch of the dungeon, and saw 1 of its levels.
You visited the Abyss 1 time.

You collected 23 gold pieces.

Inventory:

Hand Weapons
 a - a +1 short sword
 b - a +0 hunting sling
 k - a cursed -3 dagger (weapon)
Missiles
 g - 21 sling bullets
Armour
 i - a +0 leather armour (worn)
Potions
 d - 2 potions of flight
 f - a potion of mutation {unknown}
Comestibles
 c - 2 rations


   Skills:
 + Level 3.7 Fighting
 + Level 2.9 Short Blades
 + Level 1.0 Armour
 + Level 2.6 Dodging
 + Level 2.0 Invocations


You had one spell level left.
You didn't know any spells.
Your spell library was empty.

Dungeon Overview and Level Annotations

Branches:
Dungeon (1/15)

Altars:


Innate Abilities, Weirdness & Mutations

You are small and have problems with some larger weapons.
You are carnivorous and can eat meat at any time.


Message History

You hit the hobgoblin but do no damage. The bat closely misses you.
The goblin hits you with a +0 club. The hobgoblin closely misses you.
You hit the hobgoblin but do no damage. The bat hits you but does no damage.
The goblin hits you but does no damage.
You closely miss the hobgoblin.
The hobgoblin hits you but does no damage.
The rat bites you.
You hit the hobgoblin but do no damage. The goblin hits you with a +0 club.
The hobgoblin closely misses you. The rat misses you.
You closely miss the hobgoblin. The goblin barely misses you.
The hobgoblin completely misses you. The rat bites you.
* * * LOW HITPOINT WARNING * * *
You barely miss the hobgoblin. The goblin hits you with a +0 club.
* * * LOW HITPOINT WARNING * * *
The hobgoblin misses you. The rat bites you.
* * * LOW HITPOINT WARNING * * *
You hit the hobgoblin but do no damage. The goblin hits you but does no damage.
You hit the hobgoblin but do no damage. The rat barely misses you.
The hobgoblin hits you with a +0 club.
You die...

#####
...g#####
≈≈≈§≈.
........#
.....(
........#
≈.§§≈§
..).....#
≈§.§
........#
§§≈.
........# §≈§
........#
.......r#####
......bg@g..#
....#######.#
....# # #.#
##### ####.#
....# #....#
....# #....#
....####....#
....†..'....#


You could see a hobgoblin, a goblin, a bat and a rat.

Vanquished Creatures
  A giant cockroach (D:1)
  A goblin (D:1)
  A hobgoblin (D:1)
  4 jackals (D:1)
  A bat (D:1)
  3 rats (D:1)
11 creatures vanquished.

Notes
Turn   | Place    | Note
-------+----------+-------------------------------------------
     0 | Abyss:1  | MrRokkomies the Kobold Abyssal Knight began the quest for
                  | the Orb.
     0 | Abyss:1  | Reached XP level 1. HP: 14/14 MP: 2/2
   167 | Abyss:1  | Noticed a small abomination
   181 | Abyss:1  | Noticed a lich
   181 | Abyss:1  | Noticed a small abomination
   185 | D:1      | Escaped the Abyss
   380 | D:1      | Reached XP level 2. HP: 11/19 MP: 3/3
   389 | D:1      | Reached skill level 1 in Armour
   601 | D:1      | Slain by a hobgoblin

Levels and vault maps discovered:
D:1:      evilmike_arrival_hilbert_curve, layout_basic
Abyss:1

Skill      XL: |  1  2 |
---------------+-------+-----
Armour         | 1 |  1.0
Fighting       | |  3.7
Short Blades   | |  2.9
Dodging        | |  2.6
Invocations    | |  2.0

Action                   || total
-------------------------++-------
Melee: Short sword       ||    44
       Dagger            ||    11
Invok: Depart the Abyss  ||     1
  Use: Scroll            ||     5
Armor: Leather armour    ||    14
Dodge: Dodged            ||    46

Table legend:
 A = Non-vault XP
 B = Vault XP
 C = Vault XP percentage of total XP
 D = Non-vault monster count
 E = Vault monster count
 F = Vault count percentage of total count
                 A         B        C        D         E       F
            +---------+---------+-------+---------+---------+-------
      Total |      18 |       0 |   0.0 |      11 |       0 |   0.0
            +---------+---------+-------+---------+---------+-------
        D:1 |      18 |       0 |   0.0 |      11 |       0 |   0.0
            +---------+---------+-------+---------+---------+-------
